 Dungeon Crawl Stone Soup version 0.21.1-1-g345015f (webtiles) character file.

47 Larett the Sneak (level 3, -1/24 HPs)
             Began as an Octopode Assassin on Feb 5, 2018.
             Slain by a gnoll
             ... wielding a +0 club
              (8 damage)
             ... on level 2 of the Dungeon.
             The game lasted 00:01:32 (1260 turns).

Larett the Sneak (Octopode Assassin)                Turns: 1260, Time: 00:01:33

Health: -1/24      AC:  1    Str: 10    XL:     3   Next: 70%
Magic:  3/3        EV: 13    Int: 13    God:
Gold:   76         SH:  0    Dex: 14    Spells: 2/2 levels left

rFire    . . .     SeeInvis +   a - +2 dagger
rCold    . . .     Gourm    .   (no shield)
rNeg     . . .     Faith    .   (helmet restricted)
rPois    .         Spirit   .   (no amulet)
rElec    .         Reflect  .   s - ring of see invisible
rCorr    .         Harm     .   (no ring)
MR       .....                  (no ring)
Stlth    +++++.....             (no ring)
HPRegen  0.08/turn              (no ring)
MPRegen  0.08/turn              (no ring)
                                (no ring)
                                (no ring)

@: no status effects
A: almost no armour, stealthy swim, amphibious, 8 rings, constrict 8, camouflage
1, gelatinous body 1
a: no special abilities


You were on level 2 of the Dungeon.
You were not hungry.

You visited 1 branch of the dungeon, and saw 2 of its levels.

You collected 76 gold pieces.

Inventory:

Hand Weapons
 a - a +2 dagger (weapon)
 q - a +0 blowgun
Missiles
 r - 81 stones (quivered)
Jewellery
 s - a ring of see invisible (left tentacle)
Scrolls
 t - a scroll of identify {unknown}
 u - 2 scrolls of teleportation {unknown}
 w - a scroll of enchant armour {unknown}
 x - a scroll of remove curse {unknown}
Comestibles
 f - 3 rations


   Skills:
 - Level 2.0 Fighting
 - Level 2.0 Short Blades
 - Level 2.0 Throwing
 - Level 1.0 Dodging
 + Level 7.3 Stealth


You had 2 spell levels left.
You didn't know any spells.

Dungeon Overview and Level Annotations

Branches:
Dungeon (2/15)

Altars:


Innate Abilities, Weirdness & Mutations

You cannot wear most types of armour.
You are very stealthy in the water. (Stealth+)
You are amphibious.
You can wear up to eight rings at the same time.
You can use your tentacles to constrict eight enemies at once.
Your skin changes colour to match your surroundings (Stealth+).
Your rubbery body absorbs attacks. (AC +1, EV +1)


Message History

Press: ? - help, Shift-Dir - straight line, f/p - gnoll
Aim: a gnoll, wielding a club You throw a stone.
The stone closely misses the gnoll.
Throwing (i - inventory):
r - 82 stones (quivered)
Press: ? - help, Shift-Dir - straight line, f/p - gnoll
Aim: a gnoll, wielding a club You throw a stone.
The stone hits the gnoll but does no damage.
Found a bubbling silvery potion.
a - a +2 dagger (weapon)
You barely miss the gnoll. Your grab misses the gnoll.
The gnoll hits you with a club.
You hit the gnoll. You grab the gnoll. Your squeeze misses the gnoll.
The gnoll is lightly wounded.
You constrict the gnoll. The gnoll hits you with a club!
* * * LOW HITPOINT WARNING * * *
You hit the gnoll.
The gnoll is heavily wounded.
You constrict the gnoll. The gnoll hits you with a club!
You die...

#... ........# #.
#...######........ <.
#........#...# #.
#.##..####.....#####.
#...<## ##.......##. #
#.#### #..##..#.... ..
#.####.####g ###.####
##.# #...##g
#...@####..# ###.##.
####.g.##.#######.##.
...!.........(.((.(..((
#########...#######.##.
#.$.... #.##. #.####..#
#.... .... .# ####.
###<# # #. #.# #.


You could see a gnoll.

Vanquished Creatures
  3 gnolls (D:2)
  3 bats (D:1)
  6 giant cockroaches
  2 hobgoblins (D:1)
  A frilled lizard (D:1)
  A kobold (D:1)
  A rat (D:1)
17 creatures vanquished.

Notes
Turn   | Place    | Note
-------+----------+-------------------------------------------
     0 | D:1      | Larett the Octopode Assassin began the quest for the Orb.
     0 | D:1      | Reached XP level 1. HP: 14/14 MP: 1/1
   413 | D:1      | Reached XP level 2. HP: 19/19 MP: 2/2
   446 | D:1      | Reached skill level 6 in Stealth
  1206 | D:2      | Reached XP level 3. HP: 12/24 MP: 3/3
  1241 | D:2      | Reached skill level 7 in Stealth
  1260 | D:2      | Slain by a gnoll

Skill      XL: |  1  2  3 |
---------------+----------+-----
Stealth        | 6 7 |  7.3
Fighting       | |  2.0
Short Blades   | |  2.0
Throwing       | |  2.0
Dodging        | |  1.0

Action                   || total
-------------------------++-------
Melee: Dagger            ||    33
       Constrict         ||    10
       Tentacles         ||     2
 Fire: Blowgun           ||    10
Throw: Stone             ||     5
 Stab: Sleeping          ||     3
  Eat: Chunk             ||     1
Armor: Skin              ||     5
Dodge: Dodged            ||    14
